 Dungeon Crawl Stone Soup version 0.31-a0-1499-ge0622b2318 (webtiles) character file.

Game seed: 14129828019964595622

77 Ofeo the Changeling (level 4, 0/44 HPs)
             Began as an Oni Shapeshifter on Dec 30, 2023.
             Slain by Grinder (3 damage)
             ... on level 3 of the Dungeon.
             The game lasted 00:01:31 (2318 turns).

Ofeo the Changeling (Oni Shapeshifter)              Turns: 2318, Time: 00:01:32

Health: 0/44       AC:  3    Str: 18    XL:     4   Next: 33%
Magic:  4/4        EV: 10    Int: 13    God:
Gold:   171        SH:  0    Dex:  8    Spells: 3/3 levels left

rFire   . .          .
                       - Unarmed
rCold   . . .        (no shield)
rNeg    . . .        a - +0 animal skin
rPois   .            (helmet currently unavailable)
rElec   .            (cloak currently unavailable)
rCorr   .            (gloves unavailable)
SInv    .            (boots unavailable)
Will    +....        (no amulet)
Stlth   +            (no ring)
HPRegen 0.27/turn    (no ring)
MPRegen 0.09/turn

%: no passive effects
@: beast-form, attractive, enlightened, flying
A: beast (slay +1), large, unfitting armour, horns 1, tough skin 1, double
potion healing, drunken brawling
a: Begin Untransformation


You were on level 3 of the Dungeon.
You were a hulking beast.
You visited 1 branch of the dungeon, and saw 3 of its levels.

You collected 171 gold pieces.

Inventory:

Armour
 a - a +0 animal skin (worn)
 f - a +1 hat
Talismans
 c - a beast talisman
 d - a flux talisman
Scrolls
 b - 3 scrolls of enchant armour {unknown}
 k - a scroll of immolation {unknown}
 m - a scroll of identify {unknown}
Potions
 e - a potion of enlightenment
 g - a potion of curing {unknown}
 h - a potion of mutation {unknown}
 l - 2 potions of lignification
 n - a potion of heal wounds {unknown}


   Skills:
 + Level 2.8 Fighting
 + Level 2.5 Dodging
 + Level 3.2 Unarmed Combat
 + Level 3.4 Shapeshifting


You had 3 spell levels left.
You didn't know any spells.
Your spell library contained the following spells:

 Spells                   Type           Power      Damage    Failure   Level
 Blink                    Tloc           0%         N/A       43%         2
 Lesser Beckoning         Tloc           0%         N/A       43%         2
 Momentum Strike          Conj/Tloc      0%         3d8       43%         2
 Frozen Ramparts          Ice            0%         1d1       67%         3
 Leda's Liquefaction      Alch/Erth      0%         N/A       97%         4
 Petrify                  Alch/Erth      0%         N/A       97%         4
 Metabolic Englaciation   Hex/Ice        0%         N/A       100%        5


Dungeon Overview and Level Annotations

Branches:
Dungeon (3/15)

Altars:

Shops:
D:1 *(:

Annotations:
D:3 Grinder


Innate Abilities, Weirdness & Mutations

You are a hulking beast.
Your limbs bulge with bestial killing power. (Slay +1)
You are too large for most types of armour.
You have a pair of small horns on your head.
You have tough skin. (AC +1)
You gain doubled healing and magic from potions.
Whenever you drink a healing potion, you attack all around you.


Message History

You punch Grinder! You headbutt Grinder, but do no damage.
Grinder is moderately wounded.
It was a potion of magic.
Magic courses through your body.
Grinder says, "You look like you could use a good racking."
Grinder blinks!
Grinder is attracted toward you. Grinder attacks as she pursues you!
Grinder hits you!
You writhe in agony.
You take 10 damage, and have 18/44 hp.
MASSIVE DAMAGE!!
Grinder gestures at you. You resist with almost no effort.
Grinder is attracted toward you.
You hit Grinder. You headbutt Grinder.
Grinder is heavily wounded.
Grinder barely misses you.
You hit Grinder. Your headbutt misses Grinder.
Grinder is heavily wounded.
Grinder barely misses you.
You hit Grinder. You punch Grinder.
Grinder is severely wounded.
Grinder gestures at you. You resist with some effort.
You hit Grinder.
Grinder is severely wounded.
Grinder hits you!
* * * LOW HITPOINT WARNING * * *
You writhe in agony.
* * * LOW HITPOINT WARNING * * *
You take 10 damage, and have 9/44 hp.
MASSIVE DAMAGE!!
You hit Grinder but do no damage. You headbutt Grinder, but do no damage.
Grinder is severely wounded.
Grinder blinks!
Grinder is attracted toward you. Grinder barely misses you.
You hit Grinder.
Grinder is almost dead.
Grinder zaps a wand.
The puff of flame hits you!
* * * LOW HITPOINT WARNING * * *
You take 7 damage, and have 2/44 hp.
You hit Grinder. Your headbutt misses Grinder.
Grinder is almost dead.
Grinder hits you.
You die...
Grinder says, "Now the real fun starts!"

#.........
###........5
#...........
#.#.........
#.#..# #.#.##
#.#†###
#.#.#.##
#.h.#..##
#.#5'...##
#.#.#....##
#...#.....#
######.##....#
#...†..###...+
#.####.####..#
##.####.#.###.#
#.......#..####


You could see Grinder.

Vanquished Creatures
  3 adders
  2 ribbon worms (D:2)
  3 endoplasms
  A giant cockroach (D:1)
  4 goblins
  3 hobgoblins (D:1)
  5 kobolds
  4 ball pythons
  3 bats (D:1)
  A frilled lizard (D:1)
  5 rats
34 creatures vanquished.

Notes
Turn   | Place    | Note
-------+----------+-------------------------------------------
     0 | D:1      | Ofeo the Oni Shapeshifter began the quest for the Orb.
     0 | D:1      | Reached XP level 1. HP: 19/19 MP: 1/1
   172 | D:1      | Found Wifotopp's Weapon Shop.
   177 | D:1      | Found Guir's Book Shop.
   245 | D:1      | Reached XP level 2. HP: 26/28 MP: 2/2
   288 | D:1      | Found Fawkif's General Store.
  1055 | D:2      | Reached XP level 3. HP: 30/36 MP: 3/3
  1956 | D:2      | Reached XP level 4. HP: 28/44 MP: 4/4
  2276 | D:3      | Noticed Grinder
  2317 | D:3      | HP: 2/44 [Grinder/puff of flame (7)]
  2318 | D:3      | Slain by Grinder

Illustrated notes

Levels and vault maps discovered:
D:1:      dpeg_arrival_tiny_a, layout_basic, serial_shops, shop, shop, shop
D:2:      layout_basic
D:3:      layout_basic, minivault_27, dk_noncrumbling_4, hex_medium,
          minmay_quadrilaterals, uniq_ijyb, uniq_natasha,
          uniq_crazy_yiuf_cottage, uniq_grinder

Skill      XL: |  1  2 |
---------------+-------+-----
Dodging        | 2 |  2.5
Fighting       | 2 |  2.8
Unarmed Combat | 3 |  3.2
Shapeshifting  | |  3.4

Action                     |  1- 3 |  4- 6 || total
---------------------------+-------+-------++-------
  Melee: Unarmed           |    75 |    14 ||    89
         Headbutt          |     6 |     4 ||    10
         Punch             |     4 |     1 ||     5
    Use: Potion            |       |     3 ||     3
   Stab: Sleeping          |       |     1 ||     1
 Armour: Animal skin       |    41 |     9 ||    50
  Dodge: Dodged            |    26 |     6 ||    32

Table legend: (Time is in decaauts)
 A = Elapsed time spent in this place.
 B = Non-inter-level travel time spent in this place.
 C = Inter-level travel time spent in this place.
 D = Time resting spent in this place.
 E = Time spent auto-exploring this place.
 F = Levels seen in this place.
 G = Mean time per level.
                   A        B        C        D        E       F      G
               +--------+--------+--------+--------+--------+-----+--------+
         Total |   2312 |   2254 |     58 |     16 |   1999 |   3 |  770.7 |
       Dungeon |   2312 |   2254 |     58 |     16 |   1999 |   3 |  770.7 |
               +--------+--------+--------+--------+--------+-----+--------+

Top non-repeatable levels by time:
     D:2: 1293 daAuts
     D:1: 928 daAuts
     D:3: 91 daAuts
